 Dungeon Crawl Stone Soup version 0.20-a0-915-gb278767 (webtiles) character file.

5850 Herrn the Arsonist (level 10, -2/56 HPs)
             Began as an Octopode Fire Elementalist on Mar 25, 2017.
             Was a Follower of Vehumet.
             Slain by an unseen horror (7 damage)
             ... on level 10 of the Dungeon.
             The game lasted 00:33:10 (12772 turns).

Herrn the Arsonist (Octopode Fire Elementalist)    Turns: 12772, Time: 00:33:10

Health: -2/56      AC:  3    Str:  9    XL:     10   Next: 81%
Magic:  22/22      EV: 15    Int: 22    God:    Vehumet [*.....]
Gold:   586        SH:  0    Dex: 12    Spells: 20/25 levels left

rFire    + . .     SeeInvis .   n - +2 quarterstaff (protect)
rCold    x . .     Gourm    .   (shield currently unavailable)
rNeg     . . .     Faith    .   (helmet restricted)
rPois    .         Spirit   .   (no amulet)
rElec    +         Reflect  .   e - ring of flight
rCorr    .         Harm     .   y - ring of stealth
MR       .....                  (no ring)
Stlth    ++++......             O - ring of fire
Regen    0.2/turn               (no ring)
MPRegen  0.2/turn               (no ring)
                                (no ring)
                                (no ring)

@: no status effects
A: almost no armour, stealthy swim, amphibious, 8 rings, constrict 8, tentacle
spike 1, iridescent scales 1, camouflage 1, clever 1, frail 1, screaming 1,
electricity resistance, wild magic 1, gelatinous body 1, evolution 1
a: Renounce Religion, Evoke Flight


You were on level 10 of the Dungeon.
You worshipped Vehumet.
Vehumet was aware of your devotion.
You were not hungry.

You visited 2 branches of the dungeon, and saw 12 of its levels.

You collected 586 gold pieces.

Inventory:

Hand Weapons
 n - a +2 quarterstaff of protection (weapon)
 w - a +3 flail of holy wrath
 E - a +1 whip of freezing
 G - a +0 lajatang
 W - a +0 morningstar of crushing
Magical Staves
 K - an uncursed staff of cold
Jewellery
 e - a ring of flight (left tentacle)
 y - a ring of stealth (right tentacle)
 M - an uncursed ring of ice
 O - a ring of fire (on tentacle)
 Z - an uncursed amulet of magic regeneration {unknown}
Wands
 F - a wand of iceblast (8/15)
 N - a wand of disintegration (11/24)
 Q - a wand of digging (13/24)
 R - a wand of scattershot (1/9)
 U - a wand of random effects (12/48)
 V - a wand of lightning (8/15)
Scrolls
 h - 8 scrolls of identify
 k - a scroll of blinking {unknown}
 l - 3 scrolls of enchant weapon
 p - 4 scrolls of random uselessness
 q - 2 scrolls of recharging {unknown}
 t - 2 scrolls of amnesia
 v - a scroll of fear
 C - a scroll of teleportation
 D - 4 scrolls of remove curse
 H - 3 scrolls of acquirement {unknown}
 I - 2 scrolls of fog {unknown}
 L - a scroll of silence {unknown}
 P - 2 scrolls of noise {unknown}
 T - a scroll of summoning {unknown}
 X - a scroll of magic mapping {unknown}
Potions
 c - 3 potions of brilliance {unknown}
 d - 3 potions of mutation {unknown}
 f - a potion of resistance {unknown}
 g - a potion of haste {unknown}
 i - a potion of ambrosia {unknown}
 m - 3 potions of flight {unknown}
 o - 2 potions of heal wounds {unknown}
 r - 2 potions of curing
 s - 3 potions of might {unknown}
 u - a potion of agility {unknown}
 x - a potion of berserk rage {unknown}
 A - a potion of lignification {unknown}
 J - 2 potions of degeneration {unknown}
 S - a potion of experience {unknown}
Books
 a - a book of Flames

   Spells                             Type                      Level
   a - Flame Tongue                   Conjuration/Fire             1
   b - Throw Flame                    Conjuration/Fire             2
   c - Conjure Flame                  Conjuration/Fire             3
   d - Inner Flame                    Hexes/Fire                   3
   e - Sticky Flame                   Conjuration/Fire             4
   f - Fireball                       Conjuration/Fire             5
Comestibles
 b - 10 bread rations
 j - 3 meat rations
 z - 7 fruits
 B - 3 royal jellies


   Skills:
 + Level 4.1 Fighting
 - Level 0.4 Staves
 + Level 5.4 Dodging
 - Level 2.6 Stealth
 + Level 8.1 Spellcasting
 + Level 7.8 Conjurations
 + Level 9.2 Fire Magic


You had 20 spell levels left.
You knew the following spells:

 Your Spells              Type           Power        Failure   Level  Hunger
a - Flame Tongue          Conj/Fire      #####        1%          1    None
b - Sticky Flame          Conj/Fire      ######..     3%          4    ###....


Dungeon Overview and Level Annotations

Branches:
Dungeon (11/15)            Temple (1/1) D:7
   Lair: D:8-11         Orc: D:9-12

Altars:
Ashenzari
Cheibriados
Dithmenos
Elyvilon
Fedhas
Gozag
Hepliaklqana
Kikubaaqudgha
Makhleb
Nemelex Xobeh
Okawaru
Qazlal
Ru
Sif Muna
Trog
Uskayaw
Vehumet
Wu Jian
Xom
Yredelemnul
Zin
The Shining One

Shops:
D:6 !::[

Annotations:
D:4 katzbalger's ghost, novice FoAK
D:11 Erica; Harold


Innate Abilities, Weirdness & Mutations

You cannot wear most types of armour.
You are very stealthy in the water. (Stealth+)
You are amphibious.
You can wear up to eight rings at the same time.
You can use your tentacles to constrict eight enemies at once.
Your skin changes colour to match your surroundings (Stealth+).
Your rubbery body absorbs attacks. (AC +1, EV +1)
One of your tentacles bears a spike.
You are partially covered in iridescent scales. (AC +2)
Your mind is acute. (Int +2)
You are frail. (-10% HP)
You occasionally shout uncontrollably at your foes.
You are resistant to electric shocks. (rElec)
Your spells are a little harder to cast, but a little more powerful.
You evolve.


Message History

Magic restored.
You start waiting.
You see here a jackal corpse.
The two-headed ogre shouts in stereo!
Something hits you!
Found a falchion.
Something hits you. Something hits you but does no damage. Something hits you.
Something hits you! Something hits you but does no damage.
Something completely misses you. Something hits you! Something hits you.
* * * LOW HITPOINT WARNING * * *
Something hits you.
* * * LOW HITPOINT WARNING * * *
Something hits you.
* * * LOW HITPOINT WARNING * * *
Something hits you!
You die...

# # #.. ## ...## .# .....#
.# . ......# .###...
.......## .......
........## .......
.........## ##
....z......... #@..##.##
.............# ##......##
....z........ ##......##
............# ##........##
...)........# ##...........
...........# #............
...........####............
............##.............
........##..#..............


There were no monsters in sight!

Vanquished Creatures
  Pikel (D:6)
  Psyche (D:8)
  2 trolls
  Prince Ribbit (D:6)
  A hippogriff (D:8)
  Sigmund (D:6)
  2 wyverns (D:8)
  Eustachio (D:6)
  Grum (D:8)
  Edmund (D:4)
  2 orc warriors
  5 sky beasts
  2 phantoms
  2 wolves (D:8)
  2 ogres
  2 centaurs (D:6)
  A crocodile (D:5)
  3 big kobolds
  A bullfrog (D:8)
  A scorpion (D:5)
  4 wights (D:8)
  4 howler monkeys
  3 crimson imps
  3 hounds
  2 quasits
  2 bullfrog zombies
  A gnoll shaman (D:7)
  An orc priest (D:9)
  3 jellies
  12 orc wizards
  4 iguanas
  6 worker ants
  A hound skeleton (D:7)
  2 worker ant zombies
  11 adders
  7 gnolls
  2 shadow imps
  An adder zombie (D:7)
  2 worms
  2 dart slugs
  2 leopard geckos
  35 orcs
  A ball python (D:2)
  7 bats
  5 giant cockroaches
  4 goblins
  8 hobgoblins
  8 jackals
  5 quokkas
  9 frilled lizards
  12 kobolds
  A quokka skeleton (D:4)
  2 quokka zombies (D:5)
  7 rats
212 creatures vanquished.

Vanquished Creatures (others)
  3 slaves (D:6)
  A howler monkey (D:6)
  An adder zombie (D:6)
5 creatures vanquished.

Grand Total: 217 creatures vanquished

Notes
Turn   | Place    | Note
-------+----------+-------------------------------------------
     0 | D:1      | Herrn the Octopode Fire Elementalist began the quest for the Orb.
     0 | D:1      | Reached XP level 1. HP: 11/11 MP: 3/3
   366 | D:1      | Reached XP level 2. HP: 17/17 MP: 0/5
  1345 | D:2      | Reached XP level 3. HP: 21/21 MP: 3/6
  1482 | D:2      | Found a sacrificial altar of Ru.
  1969 | D:2      | Reached skill level 4 in Fire Magic
  2031 | D:2      | Reached XP level 4. HP: 27/27 MP: 4/7
  2420 | D:3      | Learned a level 4 spell: Sticky Flame
  3435 | D:3      | Reached XP level 5. HP: 32/32 MP: 4/8
  3615 | D:3      | Reached skill level 1 in Fighting
  4173 | D:4      | Reached skill level 5 in Fire Magic
  4173 | D:4      | Reached XP level 6. HP: 38/38 MP: 5/10
  4216 | D:4      | Noticed Edmund
  4236 | D:4      | Killed Edmund
  4702 | D:4      | Noticed katzbalger's ghost (novice FoAK)
  4715 | D:5      | Entered Level 5 of the Dungeon
  4732 | D:5      | Reached XP level 7. HP: 26/43 MP: 8/12
  4921 | D:5      | Found a blossoming altar of Fedhas.
  5670 | D:5      | Reached skill level 6 in Fire Magic
  6019 | D:6      | Noticed Sigmund
  6027 | D:6      | Killed Sigmund
  6027 | D:6      | Reached XP level 8. HP: 48/48 MP: 10/14
  6063 | D:6      | Found Ibextaec's Antique Armour Emporium.
  6066 | D:6      | Noticed Eustachio
  6087 | D:6      | Killed Eustachio
  6145 | D:6      | Noticed Pikel
  6205 | D:6      | Killed Pikel
  6205 | D:6      | Reached skill level 5 in Spellcasting
  6205 | D:6      | Reached skill level 7 in Fire Magic
  6292 | D:6      | Found Ykhletwann's Book Shop.
  6300 | D:6      | Found Mavuat's Distillery.
  6355 | D:6      | Reached XP level 9. HP: 39/55 MP: 12/17
  6635 | D:6      | Found Pousepsete's Book Shop.
  6642 | D:6      | Reached skill level 5 in Conjurations
  6643 | D:6      | Noticed Prince Ribbit
  6649 | D:6      | Killed Prince Ribbit
  7757 | D:7      | Gained mutation: You are resistant to electric shocks. (rElec) [mutagenic meat]
  7758 | D:7      | Gained mutation: You are frail. (-10% HP) [mutagenic meat]
  7759 | D:7      | Gained mutation: You are partially covered in iridescent scales. (AC +2) [mutagenic meat]
  7761 | D:7      | Lost mutation: You are frail. (-10% HP) [mutagenic meat]
  7762 | D:7      | Gained mutation: You are frail. (-10% HP) [mutagenic meat]
  8263 | D:7      | Gained mutation: Your mind is acute. (Int +2) [mutagenic meat]
  8264 | D:7      | Gained mutation: You occasionally shout uncontrollably at your foes. [mutagenic meat]
  8265 | D:7      | Gained mutation: Your spells are a little harder to cast, but a little more powerful. [mutagenic meat]
  8266 | D:7      | Gained mutation: One of your tentacles bears a spike. [mutagenic meat]
  8267 | D:7      | Gained mutation: You evolve. [mutagenic meat]
  8858 | D:7      | Found a staircase to the Ecumenical Temple.
  9186 | D:8      | Reached skill level 8 in Fire Magic
  9240 | Temple   | Entered the Ecumenical Temple
 10086 | D:8      | Reached XP level 10. HP: 44/56 MP: 15/20
 10328 | D:8      | Reached skill level 5 in Dodging
 10420 | D:8      | Noticed Psyche
 10427 | D:8      | Killed Psyche
 10647 | D:8      | Noticed Grum
 10658 | D:8      | Killed Grum
 10928 | Temple   | Became a worshipper of Vehumet
 11489 | D:9      | Reached skill level 9 in Fire Magic
 11658 | D:9      | Reached * piety under Vehumet
 11658 | D:9      | Offered knowledge of Sting by Vehumet.
 11876 | D:9      | You fall through a shaft for 2 floors!
 11883 | D:11     | Noticed Erica
 11899 | D:11     | Noticed Harold
 11908 | D:10     | Entered Level 10 of the Dungeon
 12164 | D:10     | Noticed a skeletal warrior
 12164 | D:10     | Noticed a skeletal warrior
 12164 | D:10     | Noticed a skeletal warrior
 12164 | D:10     | Noticed a skeletal warrior
 12192 | D:10     | Paralysed by a hornet for 1 turns
 12575 | D:10     | Found a blossoming altar of Fedhas.
 12576 | D:10     | Noticed a deep elf mage
 12594 | D:10     | Noticed a two-headed ogre
 12772 | D:10     | Slain by an unseen horror

Vault maps used:
D:1:      dpeg_arrival_prison
D:2:      first_bread, nicolae_ru_awakened_eye
D:3:      minmay_lizard_king
D:4:      uniq_edmund
D:5:      lemuel_round_altar
D:6:      serial_shops, kennysheep_mini, shop, shop, shop,
          grunt_decor_one_mirror, uniq_sigmund, uniq_eustachio,
          uniq_prince_ribbit1, uniq_pikel
D:7:      kennysheep_six_static_rooms, minmay_temple_entry_from_below_a,
          uniq_crazy_yiuf_cottage
D:8:      grunt_ogre_cave, uniq_grum, uniq_psyche
D:9:      serial_shops, shop
D:10:     kennysheep_orc_monster_closet_entryway, david_defended_altar_elf
D:11:     erik_lair_dragon, st_stairs_11, uniq_erica, uniq_harold,
          uniq_nergalle, uniq_maurice
Temple:   roderic_octagonal_lattice_temple

Skill      XL: |  1  2  3  4  5  6  7  8  9 10 |
---------------+-------------------------------+-----
Fire Magic     | 4 5 6 7 8 9 |  9.2
Fighting       | 1 2 3 4 |  4.1
Conjurations   | 2 3 4 6 7 |  7.8
Dodging        | 3 4 5 |  5.4
Spellcasting   | 3 4 5 6 8 |  8.1
Staves         | |  0.4
Stealth        | |  2.6

Action                   |  1- 3 |  4- 6 |  7- 9 | 10-12 || total
-------------------------+-------+-------+-------+-------++-------
Melee: Unarmed           |    18 |       |       |       ||    18
       Constrict         |     5 |    11 |    16 |     4 ||    36
       Tentacles         |     3 |     4 |    19 |     2 ||    28
       Quarterstaff      |     1 |    53 |    69 |    31 ||   154
       Kick              |       |       |     5 |     8 ||    13
 Cast: Flame Tongue      |    50 |    59 |    96 |   128 ||   333
       Sticky Flame      |       |     2 |    26 |    22 ||    50
  Use: Scroll            |       |       |     5 |     5 ||    10
       Potion            |       |       |       |     3 ||     3
 Stab: Sleeping          |     4 |     3 |     4 |     1 ||    12
  Eat: Chunk             |     4 |     9 |    26 |     7 ||    46
       Royal jelly       |       |       |     2 |       ||     2
       Fruit             |       |       |     1 |       ||     1
       Meat ration       |       |       |       |     1 ||     1
Armor: Skin              |     5 |    12 |    13 |    12 ||    42
Dodge: Dodged            |    40 |    46 |    72 |    91 ||   249
